TOP OF THE 1ST |
Minnesota Loons batting - Pitching for Athletic Club KC Academy : RHP Haden Pittman
|
Pitching: RHP Haden Pittman
|
|
Batting: LHB Ángel López
|
0-0: Ball 1-0: Called Strike 1-1: Ground out U3 (Groundball, 3)
|
Batting: LHB Eugene Henson
|
0-0: Called Strike 0-1: Ball 1-1: Swinging Strike 1-2: Ball 2-2: Foul Ball, location: 2F 2-2: Strikes out looking
|
Batting: RHB Octávio Zúñiga
|
0-0: Ball 1-0: SINGLE (Groundball, 4MD)
|
Batting: LHB José León
|
0-0: Ball 1-0: Foul Ball, location: 2F 1-1: Swinging Strike 1-2: Foul Ball, location: 2F 1-2: Strikes out swinging
|
Top of the 1st over - 0 run(s), 1 hit(s), 0 error(s), 1 left on base; Minnesota 0 - Athletic Club KC Academy 0 |
BOTTOM OF THE 1ST |
Athletic Club KC Academy batting - Pitching for Minnesota Loons : LHP Felipe Machado
|
Pitching: LHP Felipe Machado
|
|
Batting: SHB António Montés
|
0-0: Foul Ball, location: 2F 0-1: Ball 1-1: Ball 2-1: Foul Ball, location: 2F 2-2: Ball 3-2: Foul Ball, location: 2F 3-2: Ground out 1-3 (Groundball, 13S)
|
Batting: RHB José Flores
|
0-0: Ball 1-0: Ball 2-0: Called Strike 2-1: SINGLE (Line Drive, 78M)
|
Batting: RHB Allen Williams
|
0-0: Ball 1-0: Called Strike 1-1: Called Strike 1-2: Ball 2-2: Ball 3-2: Foul Ball, location: 2F 3-2: Base on Balls José Flores to second
|
Batting: RHB Maurice Quinn
|
0-0: Ball 1-0: SINGLE (Groundball, 56D) (infield hit) José Flores to third Allen Williams to second
|
Batting: RHB Geoff Rivers
|
0-0: Fly out, F8 (Line Drive, 8RD) Runner from 3rd tags up, SCORES, no throw
|
Batting: RHB Chris Teague
|
0-0: Ball 1-0: Ground out 5-3 (Groundball, 5L)
|
Bottom of the 1st over - 1 run(s), 2 hit(s), 0 error(s), 2 left on base; Minnesota 0 - Athletic Club KC Academy 1 |
TOP OF THE 2ND |
Minnesota Loons batting - Pitching for Athletic Club KC Academy : RHP Haden Pittman
|
Batting: LHB José Pacheco
|
0-0: Ball 1-0: Ball 2-0: Swinging Strike 2-1: SINGLE (Flyball, 8RS)
|
Batting: RHB D.C. Aiken
|
0-0: Ball 1-0: 2-RUN HOME RUN (Flyball, 7D), Distance : 374 ft
|
Batting: RHB Jorge Gutiérrez
|
0-0: Ball 1-0: DOUBLE (Line Drive, 9D)
|
Batting: RHB Tomás Morán
|
0-0: Ball 1-0: Swinging Strike 1-1: Foul Ball, location: 2F 1-2: Ball 2-2: Ball 3-2: SINGLE (Popup, 4M) Jorge Gutiérrez to third Runner from 3rd tries for Home, throw and OUT! Tomás Morán to second
|
Batting: RHB Jorge Arreola
|
0-0: Ball 1-0: Called Strike 1-1: Foul Ball, location: 2F 1-2: Strikes out swinging
|
Batting: LHB Ángel López
|
0-0: Called Strike Tomás Morán steals 3rd base 0-1: Ball 1-1: Fly out, F8 (Line Drive, 8RS)
|
Top of the 2nd over - 2 run(s), 4 hit(s), 0 error(s), 1 left on base; Minnesota 2 - Athletic Club KC Academy 1 |
BOTTOM OF THE 2ND |
Athletic Club KC Academy batting - Pitching for Minnesota Loons : LHP Felipe Machado
|
Batting: LHB Manuel Domínguez
|
0-0: Ball 1-0: SINGLE (Groundball, 34)
|
Batting: SHB Fernando Luna
|
0-0: Ground out 5-3 (Groundball, 56S) Manuel Domínguez to second
|
Batting: RHB Iván Chacón
|
0-0: Ball 1-0: Called Strike 1-1: Called Strike 1-2: Strikes out swinging
|
Batting: SHB António Montés
|
0-0: Ball Wild Pitch! Manuel Domínguez to third 1-0: Called Strike 1-1: Ball 2-1: Foul Ball, location: 2F 2-2: Ball 3-2: Foul Ball, location: 2F 3-2: Foul Ball, location: 2F 3-2: Base on Balls
|
Batting: RHB José Flores
|
0-0: Ball 1-0: Ball 2-0: Called Strike 2-1: SINGLE (Line Drive, 4D) Manuel Domínguez scores António Montés to second
|
Batting: RHB Allen Williams
|
0-0: Ball 1-0: Foul Ball, location: 2F 1-1: Ball 2-1: Foul Ball, location: 2F 2-2: Strikes out swinging
|
Bottom of the 2nd over - 1 run(s), 2 hit(s), 0 error(s), 2 left on base; Minnesota 2 - Athletic Club KC Academy 2 |
TOP OF THE 3RD |
Minnesota Loons batting - Pitching for Athletic Club KC Academy : RHP Haden Pittman
|
Batting: LHB Eugene Henson
|
0-0: Called Strike 0-1: Ball 1-1: Ball 2-1: Ball 3-1: Foul Ball, location: 2F 3-2: Fly out, F8 (Line Drive, 8RM)
|
Batting: RHB Octávio Zúñiga
|
0-0: Foul Ball, location: 2F 0-1: Called Strike 0-2: Ball 1-2: Ball 2-2: Foul Ball, location: 2F 2-2: Ball 3-2: Foul Ball, location: 2F 3-2: Base on Balls
|
Batting: LHB José León
|
0-0: Foul Ball, location: 2F 0-1: SINGLE (Groundball, 56D) Octávio Zúñiga to second
|
Batting: LHB José Pacheco
|
0-0: DOUBLE (Flyball, 9LM) Octávio Zúñiga scores José León to third
|
Batting: RHB D.C. Aiken
|
0-0: Foul Ball, location: 2F 0-1: Foul Ball, location: 2F 0-2: Strikes out swinging
|
Batting: RHB Jorge Gutiérrez
|
0-0: SINGLE (Line Drive, 89S) José León scores José Pacheco to third
|
Batting: RHB Tomás Morán
|
0-0: Ball 1-0: Ball 2-0: Called Strike 2-1: Ball 3-1: Base on Balls Jorge Gutiérrez to second
|
Batting: RHB Jorge Arreola
|
0-0: Ground out 5-3 (Groundball, 56S)
|
Top of the 3rd over - 2 run(s), 3 hit(s), 0 error(s), 3 left on base; Minnesota 4 - Athletic Club KC Academy 2 |
BOTTOM OF THE 3RD |
Athletic Club KC Academy batting - Pitching for Minnesota Loons : LHP Felipe Machado
|
Batting: RHB Maurice Quinn
|
0-0: Ball 1-0: Ball 2-0: Ball 3-0: Called Strike 3-1: Foul Ball, location: 2F 3-2: Fly out, F9 (Flyball, 89M)
|
Batting: RHB Geoff Rivers
|
0-0: Foul Ball, location: 2F 0-1: Swinging Strike 0-2: Ball 1-2: Foul Ball, location: 2F 1-2: Ball 2-2: SINGLE (Line Drive, 9LS)
|
Batting: RHB Chris Teague
|
0-0: Foul Ball, location: 2F 0-1: Swinging Strike Geoff Rivers is caught stealing 2nd base 0-2: Ground out 6-3 (Groundball, 6M)
|
Bottom of the 3rd over - 0 run(s), 1 hit(s), 0 error(s), 0 left on base; Minnesota 4 - Athletic Club KC Academy 2 |
TOP OF THE 4TH |
Minnesota Loons batting - Pitching for Athletic Club KC Academy : RHP Haden Pittman
|
Batting: LHB Ángel López
|
0-0: Foul Ball, location: 2F 0-1: Ball 1-1: SINGLE (Groundball, 56D)
|
Batting: LHB Eugene Henson
|
0-0: Called Strike 0-1: Foul Ball, location: 2F 0-2: Ball 1-2: Fly out, F6 (Line Drive, 6)
|
Batting: RHB Octávio Zúñiga
|
0-0: Ball 1-0: Called Strike 1-1: Ball 2-1: Ball 3-1: Fly out, F8 (Flyball, 8RM)
|
Batting: LHB José León
|
0-0: Foul Ball, location: 2F 0-1: Ball 1-1: Ball 2-1: Ball 3-1: Base on Balls Ángel López to second
|
Batting: LHB José Pacheco
|
0-0: Ball 1-0: Ball 2-0: Ball 3-0: Called Strike 3-1: Foul Ball, location: 2F 3-2: Base on Balls Ángel López to third José León to second
|
Pitching: RHP Alfonso Corona
|
|
Batting: RHB D.C. Aiken
|
0-0: Ball 1-0: Swinging Strike 1-1: Fly out, F6 (Popup, 56D)
|
Top of the 4th over - 0 run(s), 1 hit(s), 0 error(s), 3 left on base; Minnesota 4 - Athletic Club KC Academy 2 |
BOTTOM OF THE 4TH |
Athletic Club KC Academy batting - Pitching for Minnesota Loons : LHP Felipe Machado
|
Batting: LHB Manuel Domínguez
|
0-0: Foul Ball, location: 2F 0-1: Ball 1-1: Called Strike 1-2: Ball 2-2: Ball 3-2: Strikes out swinging
|
Batting: SHB Fernando Luna
|
0-0: Ball 1-0: Ball 2-0: Foul Ball, location: 2F 2-1: Ground out 2-3 (Groundball, 25)
|
Batting: RHB Iván Chacón
|
0-0: Called Strike 0-1: Ball 1-1: Foul Ball, location: 2F 1-2: Foul Ball, location: 2F 1-2: Strikes out swinging
|
Bottom of the 4th over - 0 run(s), 0 hit(s), 0 error(s), 0 left on base; Minnesota 4 - Athletic Club KC Academy 2 |
TOP OF THE 5TH |
Minnesota Loons batting - Pitching for Athletic Club KC Academy : RHP Alfonso Corona
|
Batting: RHB Jorge Gutiérrez
|
0-0: Ball 1-0: Foul Ball, location: 2F 1-1: Ground out 5-3 (Groundball, 5S)
|
Batting: RHB Tomás Morán
|
0-0: Ball 1-0: Bunted foul 1-1: Ball 2-1: Ball 3-1: Foul Ball, location: 2F 3-2: Fly out, F7 (Line Drive, 7M)
|
Batting: RHB Jorge Arreola
|
0-0: Called Strike 0-1: Fly out, F8 (Flyball, 8RM)
|
Top of the 5th over - 0 run(s), 0 hit(s), 0 error(s), 0 left on base; Minnesota 4 - Athletic Club KC Academy 2 |
BOTTOM OF THE 5TH |
Athletic Club KC Academy batting - Pitching for Minnesota Loons : LHP Felipe Machado
|
Batting: SHB António Montés
|
0-0: Ball 1-0: Ball 2-0: Ball 3-0: Called Strike 3-1: Base on Balls
|
Batting: RHB José Flores
|
0-0: Ball 1-0: Sac Bunt - play at first, batter OUT! 1-4 António Montés to second
|
Batting: RHB Allen Williams
|
0-0: Ball 1-0: Ball 2-0: Ball 3-0: Called Strike 3-1: Foul Ball, location: 2F 3-2: Base on Balls
|
Batting: RHB Maurice Quinn
|
0-0: Called Strike 0-1: Fly out, F6 (Line Drive, 6)
|
Batting: RHB Geoff Rivers
|
0-0: Called Strike 0-1: Ball 1-1: Ball 2-1: SINGLE (Line Drive, 8LS) António Montés to third Allen Williams to second Runner from 3rd tries for Home, SAFE, no throw or cutoff
|
Pitching: RHP Juan López
|
|
Batting: RHB Chris Teague
|
0-0: Ball 1-0: Foul Ball, location: 2F 1-1: SINGLE (Line Drive, 56) Allen Williams to third Geoff Rivers to second
|
Batting: LHB Manuel Domínguez
|
0-0: Ball 1-0: Foul Ball, location: 2F 1-1: Ball 2-1: Foul Ball, location: 2F 2-2: Ball 3-2: Base on Balls Allen Williams scores Geoff Rivers to third Chris Teague to second
|
Batting: SHB Fernando Luna
|
0-0: Called Strike 0-1: Ball 1-1: Called Strike 1-2: Ball 2-2: Foul Ball, location: 2F 2-2: Ball Wild Pitch! Geoff Rivers scores Chris Teague to third Manuel Domínguez to second 3-2: Base on Balls
|
Batting: RHB Iván Chacón
|
0-0: Ball 1-0: Swinging Strike 1-1: Called Strike 1-2: Strikes out swinging
|
Bottom of the 5th over - 3 run(s), 2 hit(s), 0 error(s), 3 left on base; Minnesota 4 - Athletic Club KC Academy 5 |
TOP OF THE 6TH |
Minnesota Loons batting - Pitching for Athletic Club KC Academy : RHP Alfonso Corona
|
Batting: LHB Ángel López
|
0-0: Foul Ball, location: 2F 0-1: Ball 1-1: Fly out, F8 (Flyball, 8RD)
|
Batting: LHB Eugene Henson
|
0-0: Called Strike 0-1: Ball 1-1: Ball 2-1: Swinging Strike 2-2: Foul Ball, location: 2F 2-2: SINGLE (Groundball, 25) (infield hit)
|
Batting: RHB Octávio Zúñiga
|
0-0: Called Strike 0-1: Fly out, F7 (Flyball, 7S)
|
Batting: LHB José León
|
0-0: Ball 1-0: Ball 2-0: Called Strike 2-1: Ground out 1-3 (Groundball, 13S)
|
Top of the 6th over - 0 run(s), 1 hit(s), 0 error(s), 1 left on base; Minnesota 4 - Athletic Club KC Academy 5 |
BOTTOM OF THE 6TH |
Athletic Club KC Academy batting - Pitching for Minnesota Loons : RHP Juan López
|
Batting: SHB António Montés
|
0-0: Ball 1-0: Ball 2-0: SINGLE (Line Drive, 34)
|
Batting: RHB José Flores
|
0-0: Bunt missed! 0-1: Sac Bunt - play at first, batter OUT! 5-4 António Montés to second
|
Batting: RHB Allen Williams
|
0-0: Ground out 6-3 (Groundball, 6)
|
Batting: RHB Maurice Quinn
|
0-0: Called Strike 0-1: Swinging Strike 0-2: Ball 1-2: Fly out, F6 (Popup, 4M)
|
Bottom of the 6th over - 0 run(s), 1 hit(s), 0 error(s), 1 left on base; Minnesota 4 - Athletic Club KC Academy 5 |
TOP OF THE 7TH |
Minnesota Loons batting - Pitching for Athletic Club KC Academy : RHP Alfonso Corona
|
Now at SS: Ted Stephens
|
|
Batting: LHB José Pacheco
|
0-0: Called Strike 0-1: Ball 1-1: Ball 2-1: Ball 3-1: Base on Balls
|
Pinch Hitting: LHB Tom Cotton
|
0-0: Bunted foul 0-1: Sac Bunt - play at second, runner OUT! 1-6
|
Batting: RHB Jorge Gutiérrez
|
0-0: Ball 1-0: Ball Pickoff Throw by Catcher to First - Out! 2-0: Called Strike 2-1: Foul Ball, location: 2F 2-2: Ball 3-2: Fly out, F5 (Popup, 25F)
|
Top of the 7th over - 0 run(s), 0 hit(s), 0 error(s), 0 left on base; Minnesota 4 - Athletic Club KC Academy 5 |
BOTTOM OF THE 7TH |
Athletic Club KC Academy batting - Pitching for Minnesota Loons : RHP Juan López
|
Now at 3B: Gonzalo Sánchez
|
|
Batting: RHB Geoff Rivers
|
0-0: Called Strike 0-1: Swinging Strike 0-2: Ball 1-2: Fly out, F9 (Flyball, 89S)
|
Pitching: RHP Steve Rayla
|
|
Batting: RHB Chris Teague
|
0-0: Ground out 5-3 (Groundball, 56)
|
Batting: LHB Manuel Domínguez
|
0-0: Called Strike 0-1: Swinging Strike 0-2: Ball 1-2: Ball 2-2: Strikes out looking
|
Bottom of the 7th over - 0 run(s), 0 hit(s), 0 error(s), 0 left on base; Minnesota 4 - Athletic Club KC Academy 5 |
TOP OF THE 8TH |
Minnesota Loons batting - Pitching for Athletic Club KC Academy : RHP Alfonso Corona
|
Pitching: RHP Juan Herrera
|
|
Batting: RHB Tomás Morán
|
0-0: Called Strike 0-1: Fly out, F2 (Popup, 2R)
|
Batting: RHB Jorge Arreola
|
0-0: Called Strike 0-1: Ball 1-1: Called Strike 1-2: Ball 2-2: SINGLE (Line Drive, 9LS)
|
Pitching: LHP Alonso Muñíz
|
|
Pinch Hitting: RHB Dave Stockman
|
0-0: Ball 1-0: Fly out, F9 (Line Drive, 9S)
|
Pinch Hitting: RHB Miguel Rosales
|
0-0: Fly out, F8 (Flyball, 8RM)
|
Top of the 8th over - 0 run(s), 1 hit(s), 0 error(s), 1 left on base; Minnesota 4 - Athletic Club KC Academy 5 |
BOTTOM OF THE 8TH |
Athletic Club KC Academy batting - Pitching for Minnesota Loons : RHP Steve Rayla
|
Now at SS: Miguel Rosales
|
|
Now in LF: Dave Stockman
|
|
Batting: SHB Fernando Luna
|
0-0: Ball 1-0: Called Strike 1-1: Ball 2-1: Ball 3-1: SOLO HOME RUN (Flyball, 89XD), Distance : 417 ft
|
Batting: RHB Iván Chacón
|
0-0: Ball 1-0: Ball 2-0: Ball 3-0: Called Strike 3-1: Fly out, F4 (Popup, 3DF)
|
Batting: SHB António Montés
|
0-0: Called Strike 0-1: Ground out 4-3 (Groundball, 4M)
|
Batting: RHB José Flores
|
0-0: Fly out, F4 (Line Drive, 4)
|
Bottom of the 8th over - 1 run(s), 1 hit(s), 0 error(s), 0 left on base; Minnesota 4 - Athletic Club KC Academy 6 |
TOP OF THE 9TH |
Minnesota Loons batting - Pitching for Athletic Club KC Academy : LHP Alonso Muñíz
|
Pitching: RHP Roland Allen
|
|
Batting: RHB Octávio Zúñiga
|
0-0: Called Strike 0-1: Ball 1-1: Foul Ball, location: 2F 1-2: Foul Ball, location: 2F 1-2: Ball 2-2: Ball 3-2: Strikes out swinging
|
Batting: LHB José León
|
0-0: Called Strike 0-1: Called Strike 0-2: Ball 1-2: Ball 2-2: Ball 3-2: Foul Ball, location: 2F 3-2: Foul Ball, location: 2F 3-2: Base on Balls
|
Pinch Hitting: LHB Miguel Zúñiga
|
0-0: Ball 1-0: Ball 2-0: Called Strike 2-1: SINGLE (Flyball, 8LS) José León to second Runner from 2nd tries for 3rd, OUT!
|
Batting: RHB Gonzalo Sánchez
|
0-0: Called Strike 0-1: Swinging Strike 0-2: Ball 1-2: Foul Ball, location: 2F 1-2: Ball 2-2: Ball 3-2: Foul Ball, location: 2F 3-2: Foul Ball, location: 2F 3-2: Foul Ball, location: 2F 3-2: Fly out, F8 (Line Drive, 8RD)
|
Top of the 9th over - 0 run(s), 1 hit(s), 0 error(s), 1 left on base; Minnesota 4 - Athletic Club KC Academy 6 |
|